 Dungeon Crawl Stone Soup version 0.30-a0-870-gc5d4c5acee (webtiles) character file.

Game seed: 128381278217245234

322 Newt the Skirmisher (level 6, -2/40 HPs)
             Began as a Kobold Hunter on Mar 12, 2023.
             Slain by an elf zombie (5 damage)
             ... in an ossuary.
             The game lasted 00:03:32 (3239 turns).

Newt the Skirmisher (Kobold Hunter)                 Turns: 3239, Time: 00:03:33

Health: -2/40      AC:  4    Str:  8    XL:     6   Next: 76%
Magic:  15/15      EV: 14    Int: 10    God:
Gold:   167        SH:  0    Dex: 21    Spells: 5/5 levels left

rFire   . . .      SeeInvis .    a - +0 shortbow
rCold   . . .      Faith    .    (shield currently unavailable)
rNeg    . . .      Spirit   .    c - +0 leather armour
rPois   .          Reflect  .    l - +0 helmet
rElec   .          Rampage  .    (no cloak)
rCorr   .                        (no gloves)
Will    .....                    (no boots)
Stlth   +++                      (no amulet)
HPRegen 0.26/turn                g - ring of magical power
MPRegen 0.14/turn                (no ring)

@: no status effects
A: small, no large weapons, nightstalker 3
a: no special abilities


You were in an ossuary.
You visited 1 branch of the dungeon, and saw 4 of its levels.
You also visited: Ossuary.

You collected 167 gold pieces.

Inventory:

Hand Weapons
 a - a +0 shortbow (weapon)
Armour
 c - a +0 leather armour (worn)
 l - a +0 helmet (worn)
Jewellery
 g - a ring of magical power (left hand)
 m - a ring of ice
Scrolls
 b - a scroll of immolation
Potions
 d - a potion of brilliance
 e - a potion of lignification {unknown}
 f - a potion of attraction {unknown}
 h - a potion of magic {unknown}
 i - a potion of curing {unknown}
 j - a potion of haste {unknown}
 o - a potion of heal wounds
Miscellaneous
 k - a piece from Xom's chessboard (15/15)


   Skills:
 - Level 5.0 Fighting
 + Level 8.3 Ranged Weapons
 - Level 2.4 Dodging
 - Level 1.3 Stealth


You had 5 spell levels left.
You didn't know any spells.
Your spell library contained the following spells:

 Spells                   Type           Power      Damage    Failure   Level
 Sandblast                Erth           0%         2d4       50%         1
 Summon Small Mammal      Summ           0%         N/A       50%         1
 Passwall                 Tmut/Erth      0%         N/A       63%         2
 Call Canine Familiar     Summ           0%         N/A       86%         3
 Stone Arrow              Conj/Erth      0%         3d7       86%         3
 Summon Guardian Golem    Hex/Summ       0%         N/A       86%         3


Dungeon Overview and Level Annotations

Branches:
Dungeon (4/15)            Ossuary (1/1)
 Temple: D:4-7

Altars:
Okawaru
Xom
Yredelemnul

Shops:
D:1 [![!(


Innate Abilities, Weirdness & Mutations

You are small and have problems with some larger weapons.
You are completely attuned to the shadows.


Message History

Unknown command.
You shoot an arrow. The arrow hits the elf zombie!
The elf zombie is heavily damaged.
The elf zombie barely misses you.
Unknown command.
You shoot an arrow.
The arrow closely misses the elf zombie.
The elf zombie hits you.
* * * LOW HITPOINT WARNING * * *
Unknown command.
You shoot an arrow.
The arrow closely misses the elf zombie.
The elf zombie misses you.
Unknown command.
Okay, then.
You shoot an arrow. The arrow hits the elf zombie!
The elf zombie is heavily damaged.
The elf zombie completely misses you.
Unknown command.
You shoot an arrow. The arrow hits the elf zombie!
The elf zombie is severely damaged.
The elf zombie hits you.
* * * LOW HITPOINT WARNING * * *
Unknown command.
You shoot an arrow. The arrow hits the elf zombie.
The elf zombie is severely damaged.
The elf zombie hits you but does no damage.
Unknown command.
You shoot an arrow. The arrow hits the elf zombie!
The elf zombie is almost destroyed.
The elf zombie hits you.
* * * LOW HITPOINT WARNING * * *
Unknown command.
You shoot an arrow.
The arrow closely misses the elf zombie.
Unknown command.
You shoot an arrow.
The arrow completely misses the elf zombie.
The elf zombie hits you.
You die...

#...# #..#..#.#...#
#...# ####..####.#...#
#...# ...........#...#
#...# ####.......#...#
#...# #.......#...#
#...# #.......#...#
#...# ##.∩.....#...#
#...# ......Z####...#
#...# ###...#@..#...#
#...# #...#...#...#
#...##############...#
#....................#
#.........∩∩.........#
######################


You could see an elf zombie.

Vanquished Creatures
  2 centaur zombies (Ossuary)
  A human zombie (Ossuary)
  An orc priest (D:3)
  A jelly (D:4)
  2 mummies
  5 adders
  An adder zombie (Ossuary)
  7 orcs
  6 ball pythons
  7 bats
  6 endoplasms
  3 giant cockroaches
  4 goblins
  5 hobgoblins
  2 jackals (D:3)
  11 kobolds
  2 quokkas
  A frilled lizard (D:3)
  13 hobgoblin zombies (Ossuary)
  A jackal zombie (Ossuary)
  5 kobold zombies (Ossuary)
  6 orc zombies (Ossuary)
  4 rats
  A rat zombie (Ossuary)
  A butterfly (D:3)
98 creatures vanquished.

Notes
Turn   | Place    | Note
-------+----------+-------------------------------------------
     0 | D:1      | Newt the Kobold Hunter began the quest for the Orb.
     0 | D:1      | Reached XP level 1. HP: 12/12 MP: 1/1
    62 | D:1      | Found Myabu's Antique Weapon Boutique.
   174 | D:1      | Reached XP level 2. HP: 14/18 MP: 2/2
   202 | D:1      | Found Wataputs's Distillery.
   227 | D:1      | Found Berphilu's Distillery.
   415 | D:1      | Found Haoge's Armour Boutique.
   499 | D:1      | Reached XP level 3. HP: 23/23 MP: 3/3
   499 | D:1      | Found Cunkoluzi's Armour Shop.
   977 | D:2      | Reached XP level 4. HP: 27/30 MP: 4/4
  1643 | D:3      | HP: 1/30 [orc priest/divine providence (16)]
  1651 | D:3      | Reached skill level 5 in Fighting
  1652 | D:3      | Reached XP level 5. HP: 16/35 MP: 5/5
  1657 | D:3      | Reached skill level 6 in Ranged Weapons
  1924 | D:3      | Found an iron altar of Okawaru.
  1980 | D:3      | Found a shimmering altar of Xom.
  2466 | D:4      | Found a basalt altar of Yredelemnul.
  2521 | D:4      | Found a sand-covered staircase.
  2533 | D:4      | Reached skill level 7 in Ranged Weapons
  2533 | D:4      | Reached XP level 6. HP: 16/40 MP: 6/6
  2540 | Ossuary  | Entered an ossuary
  3205 | Ossuary  | Reached skill level 8 in Ranged Weapons
  3239 | Ossuary  | Slain by an elf zombie

Illustrated notes

Levels and vault maps discovered:
D:1:      ebering_trefoil_3fold, layout_loops_cross, serial_shops, shop, shop,
          nicolae_shop_behind_doors, shop, shop
D:2:      layout_rooms, minmay_misc_feat_enclosed
D:3:      layout_loops_ring, mainiacjoe_overflow_paths, xom_butterflies
D:4:      layout_basic, mainiacjoe_overflow_brackets,
          mainiacjoe_overflow_six_doors_small, gammafunk_ghost_icy,
          gup_ossuary_entry_pyramid, uniq_duvessa
Ossuary:  ossuary_tomb_1

Skill      XL: |  1  2  3  4  5  6 |
---------------+-------------------+-----
Fighting       | 3 4 5 |  5.0
Ranged Weapons | 7 8 |  8.3
Dodging        | |  2.4
Stealth        | |  1.3

Action                     |  1- 3 |  4- 6 || total
---------------------------+-------+-------++-------
   Fire: Shortbow          |    80 |   206 ||   286
    Use: Scroll            |     2 |     5 ||     7
         Potion            |       |     2 ||     2
 Armour: Leather armour    |     7 |    46 ||    53
  Dodge: Dodged            |    37 |   112 ||   149

Table legend: (Time is in decaauts)
 A = Elapsed time spent in this place.
 B = Non-inter-level travel time spent in this place.
 C = Inter-level travel time spent in this place.
 D = Time resting spent in this place.
 E = Time spent auto-exploring this place.
 F = Levels seen in this place.
 G = Mean time per level.
                   A        B        C        D        E       F      G
               +--------+--------+--------+--------+--------+-----+--------+
         Total |   3303 |   3193 |    110 |    586 |   2028 |   5 |  660.6 |
       Dungeon |   2583 |   2473 |    110 |    179 |   1873 |   4 |  645.8 |
       Ossuary |    719 |    719 |      0 |    407 |    155 |   1 |  719.0 |
               +--------+--------+--------+--------+--------+-----+--------+

Top non-repeatable levels by time:
     D:3: 943 daAuts
     D:1: 759 daAuts
 Ossuary: 719 daAuts
     D:2: 629 daAuts
     D:4: 252 daAuts
